 Dungeon Crawl Stone Soup version 0.27-a0-836-gfc908b8576 (webtiles) character file.

Game seed: 8871336263267420841

5455 jasper the Zephyrmancer (level 10, -3/58 HPs)
             Began as a Tengu Air Elementalist on Mar 30, 2021.
             Was a Priest of Sif Muna.
             Killed from afar by Maggie (20 damage)
             ... with a bolt of fire
             ... on level 9 of the Dungeon on Mar 31, 2021.
             The game lasted 00:23:21 (11466 turns).

jasper the Zephyrmancer (Tengu Air Elementalist)   Turns: 11466, Time: 00:23:22

Health: -3/58      AC:  5    Str:  9    XL:     10   Next: 68%
Magic:  17/21      EV: 17    Int: 19    God:    Sif Muna [***...]
Gold:   162        SH:  0    Dex: 14    Spells: 5/22 levels left

rFire    . . .     SeeInvis +   A - +14 obsidian axe {vorpal, *Drain +Fly SInv}
rCold    . . .     Faith    .   (no shield)
rNeg     . . .     Spirit   .   v - +2 robe {Will+}
rPois    +         Reflect  .   (helmet restricted)
rElec    .         Harm     .   (no cloak)
rCorr    .         Rampage  .   C - +0 pair of gloves
Will     +....                  (boots unavailable)
Stlth    ++........             e - amulet of regeneration
HPRegen  1.19/turn              q - ring of wizardry
MPRegen  0.17/turn              g - ring of poison resistance

@: flying quickly and evasively, mesmerised, quick
A: beak, talons 3, nimble flight
a: Renounce Religion, Channel Magic, Forget Spell


You were on level 9 of the Dungeon.
You worshipped Sif Muna.
Sif Muna was most pleased with you.
You visited 1 branch of the dungeon, and saw 9 of its levels.

You collected 402 gold pieces.
You spent 240 gold pieces at shops.

Inventory:

Hand Weapons
 c - a +0 spear
 h - a +1 dagger of protection
 m - a +2 halberd of electrocution
 A - the +14 obsidian axe (weapon) {vorpal, *Drain +Fly SInv}
   (You found it on level 5 of the Dungeon)

   It inflicts extra damage upon your enemies.
   It lets you see invisible.
   It grants you flight.
   It drains your maximum health when unequipped.
Missiles
 j - 2 throwing nets
Armour
 a - a +0 robe
 k - a +2 leather armour of willpower
 t - the +0 leather armour of Ru's Pride {rC++ rN+ Will+}
   (You found it on level 6 of the Dungeon)

   It greatly protects you from cold.
   It protects you from negative energy.
   It increases your willpower.
 v - a +2 robe of willpower (worn)
 y - +0 steam dragon scales
 C - a +0 pair of gloves (worn)
Jewellery
 e - an amulet of regeneration (around neck)
 g - a ring of poison resistance (right hand)
 q - a ring of wizardry (left hand)
Wands
 b - a wand of flame (21)
 w - a wand of digging (2)
Scrolls
 d - 6 scrolls of immolation
 f - 2 scrolls of enchant armour
 l - a scroll of magic mapping
 n - a scroll of noise
 p - a scroll of amnesia
 r - a scroll of brand weapon
Potions
 i - a potion of degeneration
 o - a potion of attraction
 s - a potion of ambrosia
 u - 3 potions of brilliance
 x - 2 potions of flight
 z - 2 potions of curing
 B - a potion of heal wounds {unknown}
 E - a potion of might {unknown}
 F - a potion of haste {unknown}
Miscellaneous
 D - a box of beasts


   Skills:
 + Level 4.8 Fighting
 + Level 6.0 Dodging
 - Level 2.0 Stealth
 * Level 6.8 Spellcasting
 * Level 9.5 Conjurations
 - Level 2.0 Translocations
 * Level 10.1 Air Magic
 - Level 2.0 Poison Magic
 + Level 4.1 Invocations


You had 5 spell levels left.
You knew the following spells:

 Your Spells              Type           Power      Damage    Failure   Level
a - Shock                 Conj/Air       100%       1d9       1%          1
b - Swiftness             Air            45%        N/A       1%          2
c - Blink                 Tloc           N/A        N/A       2%          2
d - Mephitic Cloud        Conj/Pois/Air  34%        N/A       1%          3
e - Airstrike             Air            22%        N/A       1%          4
f - Lightning Bolt        Conj/Air       22%        1d37      1%          5

Your spell library contained the following spells:

 Spells                   Type           Power      Damage    Failure   Level
 Magic Dart               Conj           100%       1d8       1%          1
 Conjure Flame            Conj/Fire      24%        6-21      1%          3
 Static Discharge         Conj/Air       44%        N/A       1%          3
 Iskenderun's Battlesphe  Conj           42%        2d9       2%          5
 Call Imp                 Summ           6%         N/A       6%          2
 Slow                     Hex            6%         N/A       6%          2
 Bolt of Magma            Conj/Fire/Erth 9%         4d7       30%         5
 Orb of Destruction       Conj           21%        9d9       52%         7
 Iron Shot                Conj/Erth      12%        9d3       61%         6
 Spellforged Servitor     Conj/Summ      12%        N/A       99%         7


Dungeon Overview and Level Annotations

Branches:
Dungeon (9/15)             Temple (0/1) D:6
   Lair: D:8-11         Orc: D:9-12

Altars:
Ashenzari
Okawaru
Sif Muna
Uskayaw
Vehumet
Wu Jian
Yredelemnul
Zin

Shops:
D:7 *   D:8 :

Annotations:
D:2 Sigmund
D:7 1 runed translucent door, Orlauf's ghost, novice DsGl
D:9 Maggie


Innate Abilities, Weirdness & Mutations

You have a beak for a mouth.
You have claws for feet.
Your magical nature lets you fly swiftly and evasively.


Message History

Really wield
A - the +14 obsidian axe {vorpal, *Drain +Fly SInv}?
Your +2 halberd of electrocution stops crackling.
You feel rather light.
A - the +14 obsidian axe (weapon)
{vorpal, *Drain +Fly SInv} You slash Maggie!
Your peck misses Maggie.
Maggie is moderately wounded.
Maggie hits you with a +0 long sword. x2
You take 10 damage, and have 48/58 hp.
You hit Maggie but do no damage. You claw Maggie.
Maggie is moderately wounded.
Maggie closely misses you.
You regained 2 hp, and now have 50/58 hp.
You slash Maggie!
Maggie is heavily wounded.
Maggie barely misses you.
Maggie casts a spell.
Maggie draws you further into her thrall.
You regained 2 hp, and now have 52/58 hp.
You barely miss Maggie. You claw Maggie, but do no damage.
Maggie is heavily wounded.
Maggie hits you with a +0 long sword!
You take 11 damage, and have 41/58 hp.
You hit Maggie. You claw Maggie, but do no damage.
Maggie is heavily wounded.
Maggie hits you with a +0 long sword! Maggie barely misses you.
You take 11 damage, and have 30/58 hp.
You hit Maggie. You claw Maggie.
Maggie is severely wounded.
Maggie hits you with a +0 long sword. Maggie misses you.
You take 4 damage, and have 26/58 hp.
You hit Maggie. Your kick misses Maggie. You peck Maggie, but do no damage.
Maggie is severely wounded.
Maggie hits you with a +0 long sword!
* * * LOW HITPOINT WARNING * * *
You take 11 damage, and have 15/58 hp.
You slash Maggie!
Maggie is almost dead.
Maggie gestures at you while chanting. The bolt of fire hits you!!
You die...

## #.# #.#
#########
#.############
........#
#.@@.......?..
........#
#...####).....
........#
#...# .....
........#
#...# ....
........#
#.##...# @..
........#
#.##>..# ).
........#
#.##...# .
........#
#.##...#
........#
#.##...#


You could see Maggie (mesmerising).

Vanquished Creatures
  Pikel (D:5)
  A wyvern (D:8)
  4 yaks (D:8)
  4 steam dragons
  Menkaure (D:7)
  A water moccasin (D:7)
  2 sky beasts
  2 black bears
  A hornet zombie (D:8)
  3 ice beasts (D:6)
  3 necrophages
  4 centaurs
  An ogre (D:5)
  4 lemures (D:5)
  2 phantoms (D:6)
  2 kobold brigands
  2 bullfrogs (D:6)
  A gnoll sergeant (D:8)
  3 scorpions
  A wyvern zombie (D:6)
  6 howler monkeys
  8 wights
  A bullfrog zombie (D:7)
  2 centaur zombies
  7 orc priests
  2 centaur skeletons
  4 hounds
  2 iguanas
  4 orc wizards
  A hound skeleton (D:4)
  2 howler monkey zombies
  13 gnolls
  7 adders
  2 white imps
  An adder skeleton (D:5)
  A dart slug (D:3)
  19 orcs
  5 bats
  7 endoplasms
  2 giant cockroaches (D:4)
  11 goblins
  8 hobgoblins
  9 jackals
  A quokka (D:3)
  7 ball pythons
  A frilled lizard (D:1)
  A goblin zombie (D:5)
  19 kobolds
  A quokka zombie (D:5)
  2 rats
199 creatures vanquished.

Vanquished Creatures (others)
  2 orcs (D:8)
  3 plants (D:3)
5 creatures vanquished.

Grand Total: 204 creatures vanquished

Notes
Turn   | Place    | Note
-------+----------+-------------------------------------------
     0 | D:1      | jasper the Tengu Air Elementalist began the quest for the
                  | Orb.
     0 | D:1      | Reached XP level 1. HP: 10/10 MP: 4/4
   157 | D:1      | Reached XP level 2. HP: 15/15 MP: 3/6
   160 | D:1      | Learned a level 2 spell: Swiftness
   489 | D:1      | Learned a level 2 spell: Blink
   719 | D:1      | Reached XP level 3. HP: 20/20 MP: 3/7
  1433 | D:2      | Noticed Sigmund
  1581 | D:3      | Reached XP level 4. HP: 9/24 MP: 4/8
  1861 | D:3      | Reached skill level 1 in Fighting
  2332 | D:3      | Found a broken altar of Ashenzari.
  2519 | D:3      | Gained mutation: Your magical nature lets you fly swiftly
                  | and evasively. [Tengu growth]
  2519 | D:3      | Reached XP level 5. HP: 29/29 MP: 2/10
  2620 | D:3      | Found a shimmering blue altar of Sif Muna.
  2626 | D:3      | Became a worshipper of Sif Muna the Loreminder
  2780 | D:3      | Found a faded altar of an unknown god.
  2813 | D:3      | Found a radiant altar of Vehumet.
  3058 | D:3      | Reached skill level 5 in Air Magic
  3510 | D:4      | Reached skill level 1 in Translocations
  3910 | D:4      | Reached * piety under Sif Muna
  3987 | D:4      | Reached XP level 6. HP: 11/34 MP: 8/11
  3991 | D:4      | Learned a level 3 spell: Mephitic Cloud
  4205 | D:4      | Upgraded the game from 0.27-a0-828-g8289197e94 to
                  | 0.27-a0-836-gfc908b8576
  4365 | D:4      | Found an iron altar of Okawaru.
  4524 | D:4      | Reached skill level 1 in Invocations
  5293 | D:5      | Entered Level 5 of the Dungeon
  5378 | D:5      | Reached XP level 7. HP: 39/39 MP: 8/13
  5455 | D:5      | Learned a level 4 spell: Airstrike
  5481 | D:5      | Noticed Pikel
  5647 | D:5      | Killed Pikel
  5648 | D:5      | Reached skill level 5 in Conjurations
  5648 | D:5      | Reached skill level 6 in Air Magic
  5648 | D:5      | Reached skill level 1 in Poison Magic
  5648 | D:5      | Reached XP level 8. HP: 33/45 MP: 7/15
  5844 | D:5      | Found a sand-covered staircase.
  5931 | D:5      | Reached ** piety under Sif Muna
  6266 | D:5      | Reached skill level 7 in Air Magic
  6346 | D:5      | Found an ornate altar of the Wu Jian Council.
  6682 | D:5      | Found a hide-covered altar of Uskayaw.
  6683 | D:5      | Found the +14 obsidian axe {vorpal, *Drain +Fly SInv}
  7396 | D:6      | Found a staircase to the Ecumenical Temple.
  7555 | D:6      | Reached skill level 5 in Spellcasting
  7555 | D:6      | Reached XP level 9. HP: 40/50 MP: 12/17
  7570 | D:6      | Learned a level 5 spell: Lightning Bolt
  7627 | D:6      | Reached skill level 8 in Air Magic
  8006 | D:6      | Identified the +0 leather armour of Ru's Pride {rC++ rN+
                  | Will+}
  8229 | D:6      | Found a basalt altar of Yredelemnul.
  8480 | D:7      | Noticed Menkaure
  8487 | D:7      | Killed Menkaure
  8525 | D:7      | Found Ozops's Serpentskin Sales.
  8538 | D:7      | Reached skill level 5 in Dodging
  8542 | D:7      | Bought a ring of poison resistance for 240 gold pieces
  8709 | D:7      | Identified the +4 ring mail of Cutrush {+Fly MP+9 Dex+4}
  8912 | D:7      | Noticed Orlauf's ghost (novice DsGl)
  8913 | D:7      | Found a runed translucent door.
  8932 | D:7      | Reached skill level 9 in Air Magic
  9175 | D:7      | Reached XP level 10. HP: 49/56 MP: 13/20
  9426 | D:7      | Found a broken altar of Ashenzari.
 10027 | D:8      | Found a glowing silver altar of Zin.
 10168 | D:8      | Reached *** piety under Sif Muna
 10382 | D:8      | Found Peeloges's Book Shop.
 10465 | D:8      | Found a hide-covered altar of Uskayaw.
 10544 | D:8      | Reached skill level 10 in Air Magic
 11447 | D:9      | Noticed Maggie
 11466 | D:9      | Killed from afar by Maggie

Illustrated notes

Levels and vault maps discovered:
D:1:      wander_arrival_chamber, layout_loops_corners
D:2:      layout_basic, chequers_garden, hex_large, st_stairs_10,
          chequers_avenue, uniq_sigmund
D:3:      layout_basic, led_sif_pool, nicolae_vehumet_altar_sigil,
          chequers_ecumenical_altar_lobes, nicolae_ashenzari_panopticon
D:4:      cheibrodos_thug_alley, layout_basic, okawaru_gym_becter
D:5:      layout_basic, nicolae_wu_jian_glorious_leap, basic_altar,
          enter_ossuary_4, uniq_pikel
D:6:      layout_gridville, yredelemnul_altar_generic,
          minmay_temple_entry_statues_pillars, st_stairs_5, grunt_ministairs_14
D:7:      layout_basic, kennysheep_mini_moat, hellmonk_ghost_happy_afterlife,
          guppyfry_shop_venom, uniq_menkaure
D:8:      layout_loops_corners, old_standard_altar, serial_shops, shop,
          basic_altar
D:9:      layout_long_grid, lemuel_crystal_altar, st_stairs_14, tgw_fedhas,
          uniq_maggie

Skill      XL: |  1  2  3  4  5  6  7  8  9 10 |
---------------+-------------------------------+-----
Conjurations   | 2 3 4 5 6 8 9 |  9.5
Fighting       | 1 2 3 4 |  4.8
Air Magic      | 5 6 7 9 10 | 10.1
Translocations | 1 2 |  2.0
Dodging        | 3 4 5 6 |  6.0
Spellcasting   | 3 4 5 6 |  6.8
Invocations    | 1 2 3 4 |  4.1
Poison Magic   | 1 2 |  2.0
Stealth        | |  2.0

Action                   |  1- 3 |  4- 6 |  7- 9 | 10-12 || total
-------------------------+-------+-------+-------+-------++-------
Melee: Spear             |     2 |     2 |       |       ||     4
       Kick              |     1 |     1 |     9 |     8 ||    19
       Halberd           |       |    20 |    87 |    18 ||   125
       Peck              |       |     1 |    12 |     2 ||    15
       Broad axe         |       |       |       |     8 ||     8
 Cast: Shock             |    50 |   140 |   227 |   111 ||   528
       Mephitic Cloud    |       |       |     5 |     2 ||     7
       Airstrike         |       |       |     6 |     9 ||    15
       Lightning Bolt    |       |       |       |     3 ||     3
       Blink             |       |       |       |     1 ||     1
Evoke: Wand              |       |       |       |     1 ||     1
  Use: Potion            |       |     1 |       |       ||     1
       Scroll            |       |       |    15 |     3 ||    18
 Stab: Sleeping          |     1 |       |       |       ||     1
       Confused          |       |       |     2 |       ||     2
Armor: Robe              |       |     4 |    18 |     4 ||    26
Dodge: Dodged            |     7 |    43 |   111 |    45 ||   206

Table legend: (Time is in decaauts)
 A = Elapsed time spent in this place.
 B = Non-inter-level travel time spent in this place.
 C = Inter-level travel time spent in this place.
 D = Time resting spent in this place.
 E = Time spent auto-exploring this place.
 F = Levels seen in this place.
 G = Mean time per level.
                   A        B        C        D        E       F      G
               +--------+--------+--------+--------+--------+-----+--------+
         Total |  11078 |  10745 |    333 |   1399 |   7932 |   9 | 1230.9 |
       Dungeon |  11078 |  10745 |    333 |   1399 |   7932 |   9 | 1230.9 |
               +--------+--------+--------+--------+--------+-----+--------+

Top non-repeatable levels by time:
     D:4: 1747 daAuts
     D:5: 1691 daAuts
     D:3: 1554 daAuts
     D:8: 1409 daAuts
     D:6: 1291 daAuts
     D:1: 1227 daAuts
     D:7: 1212 daAuts
     D:2: 637 daAuts
     D:9: 307 daAuts
